 Dungeon Crawl Stone Soup version 0.30-a0-777-ga9a30cbeda (console) character file.

Game seed: 3639822558154595160

84 Ignak the Ogre Mage (level 4, -7/42 HPs)
             Began as an Ogre Hedge Wizard on Feb 14, 2023.
             Killed from afar by an orc wizard (14 damage)
             ... with a puff of flame
             ... on level 2 of the Dungeon.
             The game lasted 00:03:42 (901 turns).

Ignak the Ogre Mage (Ogre Hedge Wizard)              Turns: 901, Time: 00:03:43

Health: -7/42      AC:  3    Str: 16    XL:     4   Next: 46%
Magic:  1/9        EV: 10    Int: 15    God:
Gold:   64         SH:  0    Dex: 14    Spells: 2/10 levels left

rFire   . . .      SeeInvis .    k - +8 war axe {flame, *Corrode rPois Dex+6}
rCold   . . .      Faith    .    (no shield)
rNeg    . . .      Spirit   .    b - +0 robe
rPois   +          Reflect  .    c - +0 hat
rElec   .          Harm     .    (no cloak)
rCorr   .          Rampage  .    (gloves unavailable)
Will    +....                    (boots unavailable)
Stlth   ++                       (no amulet)
HPRegen 0.27/turn                a - ring of willpower
MPRegen 0.11/turn                (no ring)

@: very slightly contaminated
A: large, unfitting armour, tough skin 1
a: no special abilities


You were on level 2 of the Dungeon.
You visited 1 branch of the dungeon, and saw 2 of its levels.

You collected 64 gold pieces.

Inventory:

Hand Weapons
 k - the +8 war axe "Cixtai" (weapon) {flame, *Corrode rPois Dex+6}
   (You found it on level 2 of the Dungeon)

   Dex:       It affects your dexterity (+6).
   rPois:     It protects you from poison.
   *Corrode:  It may corrode you when you take damage.
Armour
 b - a +0 robe (worn)
 c - a +0 hat (worn)
Jewellery
 a - a ring of willpower (left hand)
Scrolls
 f - a scroll of teleportation {unknown}
 h - 2 scrolls of enchant armour {unknown}
 l - a scroll of identify {unknown}
Potions
 d - a potion of magic
 e - a potion of heal wounds {unknown}
 g - 2 potions of brilliance {unknown}
 i - 2 potions of curing {unknown}
 j - 2 potions of haste {unknown}


   Skills:
 + Level 1.8 Fighting
 * Level 0.6(1.0) Axes
 - Level 0.7(0.9) Maces & Flails
 + Level 0.7 Armour
 + Level 2.1 Dodging
 - Level 1.4 Stealth
 + Level 3.9 Spellcasting
 * Level 1.6 Conjurations
 - Level 0.8 Summonings
 + Level 1.3 Translocations
 * Level 0.7 Air Magic
 + Level 0.3 Poison Magic


You had 2 spell levels left.
You knew the following spells:

 Your Spells              Type           Power      Damage    Failure   Level
a - Magic Dart            Conj           28%        1d4       10%         1
b - Blink                 Tloc           12%        N/A       16%         2
d - Mephitic Cloud        Conj/Pois/Air  5%         N/A       36%         3
e - Call Imp              Summ           5%         N/A       19%         2

Your spell library contained the following spells:

 Spells                   Type           Power      Damage    Failure   Level
 Shock                    Conj/Air       24%        1d4       11%         1
 Static Discharge         Conj/Air       12%        2-3/arc   17%         2
 Slow                     Hex            8%         N/A       19%         1
 Cigotuvi's Dreadful Rot  Necr/Pois/Air  8%         N/A       24%         2
 Vhi's Electric Charge    Tloc/Air       12%        N/A       34%         3
 Swiftness                Air            5%         N/A       36%         3
 Airstrike                Air            2%         2d(1-17)  78%         4
 Arcjolt                  Conj/Air       3%         1d13      97%         5
 Lightning Bolt           Conj/Air       3%         1d14      97%         5


Dungeon Overview and Level Annotations

Branches:
Dungeon (2/15)

Altars:


Innate Abilities, Weirdness & Mutations

You are too large for most types of armour.
You have tough skin. (AC +1)


Message History

The spell is quite dangerous to miscast (38% risk of failure)!
Continue anyway?
Aiming: Mephitic Cloud (quite dangerous; 38% risk of failure)
Press: ? - help, Shift-Dir - straight line, f - orc priest
Aim: an orc priest, wielding a +0 falchion (heavily wounded, chance to affect: 86%)
You miscast Mephitic Cloud.
You are very lightly contaminated with residual magic.
Energy rips through your body.
The orc priest invokes the aid of Beogh against you.
Pain shoots through your body!
* * * LOW HITPOINT WARNING * * *
Casting: Mephitic Cloud (quite dangerous; 38% risk of failure)
Confirm with . or Enter, or press ? or * to list all spells.
The spell is quite dangerous to miscast (38% risk of failure)!
Continue anyway?
Aiming: Mephitic Cloud (quite dangerous; 38% risk of failure)
Press: ? - help, Shift-Dir - straight line, f/p - orc priest
Aim: an orc priest, wielding a +0 falchion (heavily wounded, chance to affect: 86%)
The ball explodes into a vile cloud!
The stinking cloud engulfs the orc priest but does no damage.
The orc priest is heavily wounded.
The orc priest is engulfed in noxious fumes.
The orc priest is engulfed in noxious fumes.
The orc priest appears confused.
Casting: Mephitic Cloud (quite dangerous; 38% risk of failure)
Confirm with . or Enter, or press ? or * to list all spells.
You miscast Call Imp.
Nothing appears to happen.
The orc priest barely misses you.
You slash the orc priest! You burn the orc priest.
You kill the orc priest!
You have reached level 4!
You slash the orc! You burn the orc.
You kill the orc!
Something hits you.
* * * LOW HITPOINT WARNING * * *
You see here a +0 falchion.
You miss something. Something hits you.
* * * LOW HITPOINT WARNING * * *
You hear some strange, mumbled words.
A puff of flame appears from out of thin air!
The puff of flame hits you!
You die...

#.♣.....#.#.......#.#
#.##....#.##.....##.# ##
##.......{.###$⌠$###.# ####.
............#######..# #....
......)...#)........## #....
...........o......###########....
......############...............
......# ###...#...##.####....
.....## ##.){@..#####......###
####.## ##.................>#
#..# ###....################
##.###....### #....†..##
#......## ##...### #####


There were no monsters in sight!

Vanquished Creatures
  An orc priest (D:2)
  2 adders (D:2)
  2 dart slugs (D:1)
  4 orcs (D:2)
  A ball python (D:1)
  An endoplasm (D:1)
  3 goblins (D:1)
  4 hobgoblins
  2 kobolds (D:1)
  A quokka (D:1)
  4 bats (D:1)
  A rat (D:1)
26 creatures vanquished.

Vanquished Creatures (collateral kills)
  A dart slug (D:1)
  A frilled lizard (D:1)
2 creatures vanquished.

Grand Total: 28 creatures vanquished

Notes
Turn   | Place    | Note
-------+----------+-------------------------------------------
     0 | D:1      | Ignak the Ogre Hedge Wizard began the quest for the Orb.
     0 | D:1      | Reached XP level 1. HP: 16/16 MP: 5/5
   146 | D:1      | Reached skill level 1 in Conjurations
   146 | D:1      | Reached skill level 1 in Translocations
   210 | D:1      | Reached XP level 2. HP: 20/26 MP: 1/6
   239 | D:1      | Learned a level 2 spell: Blink
   242 | D:1      | Learned a level 2 spell: Call Imp
   379 | D:1      | Reached skill level 1 in Fighting
   469 | D:1      | Reached XP level 3. HP: 33/33 MP: 8/8
   473 | D:1      | Learned a level 3 spell: Mephitic Cloud
   687 | D:2      | Identified the +8 war axe "Cixtai" {flame, *Corrode rPois
                  | Dex+6}
   899 | D:2      | Reached XP level 4. HP: 11/42 MP: 0/9
   901 | D:2      | Killed from afar by an orc wizard

Illustrated notes

Levels and vault maps discovered:
D:1:      eino_arrival_water_star, layout_rooms, chequers_serial_rivers_small_b
D:2:      cheibrodos_pilgrimage, layout_basic,
          shapermc_ecumenical_altar_totnotflames, basic_altar, serial_curves,
          eino_curves_02, eino_curves_02, uniq_jessica

Skill      XL: |  1  2 |
---------------+-------+-----
Conjurations   | 1 |  1.6
Translocations | 1 |  1.3
Fighting       | 1 |  1.8
Dodging        | 2 |  2.1
Axes           | |  0.6
Maces & Flails | |  0.7
Armour         | |  0.7
Stealth        | |  1.4
Spellcasting   | |  3.9
Summonings     | |  0.8
Air Magic      | |  0.7
Poison Magic   | |  0.3

Action                     |  1- 3 |  4- 6 || total
---------------------------+-------+-------++-------
  Melee: Club              |    63 |       ||    63
         Dagger            |     4 |       ||     4
         War axe           |    17 |     2 ||    19
         Punch             |     1 |       ||     1
   Cast: Magic Dart        |    11 |       ||    11
         Call Imp          |     5 |       ||     5
         Mephitic Cloud    |     1 |       ||     1
   Stab: Sleeping          |     2 |       ||     2
 Armour: Robe              |    39 |       ||    39
  Dodge: Dodged            |    75 |       ||    75

Table legend: (Time is in decaauts)
 A = Elapsed time spent in this place.
 B = Non-inter-level travel time spent in this place.
 C = Inter-level travel time spent in this place.
 D = Time resting spent in this place.
 E = Time spent auto-exploring this place.
 F = Levels seen in this place.
 G = Mean time per level.
                   A        B        C        D        E       F      G
               +--------+--------+--------+--------+--------+-----+--------+
         Total |    924 |    897 |     27 |     87 |    406 |   2 |  462.0 |
       Dungeon |    924 |    897 |     27 |     87 |    406 |   2 |  462.0 |
               +--------+--------+--------+--------+--------+-----+--------+

Top non-repeatable levels by time:
     D:1: 664 daAuts
     D:2: 260 daAuts
